 Dungeon Crawl Stone Soup version 0.29-a0-553-g81b289dbe5 (webtiles) character file.

Game seed: 3115714211200489625

474 DocClef the Covert (level 7, -1/88 HPs)
             Began as a Gnoll Delver on June 7, 2022.
             Succumbed to a scorpion's poison
             ... on level 5 of the Dungeon.
             The game lasted 00:00:37 (563 turns).

DocClef the Covert (Gnoll Delver)                    Turns: 563, Time: 00:00:38

Health: -1/88      AC: 23    Str: 13    XL:     7   Next: 10%
Magic:  10/10      EV:  2    Int: 10    God:
Gold:   19         SH:  0    Dex: 13    Spells: 10/10 levels left

rFire   . . .      SeeInvis .   a - +0 short sword
rCold   . . .      Faith    .   (no shield)
rNeg    . . .      Spirit   .   (body armour currently unavailable)
rPois   +          Reflect  .   (helmet currently unavailable)
rElec   .          Harm     .   (cloak currently unavailable)
rCorr   .          Rampage  .   (gloves currently unavailable)
Will    .....      NoTele   +   (boots currently unavailable)
Stlth   ++++......              (no amulet)
HPRegen 0.24/turn               (no ring)
MPRegen 0.12/turn               (no ring)

@: lethally poisoned (-1 -> -8), tree-form
A: stationary, stasis, torment immunity, boosted hp, (fangs 1), strong nose,
distributed training
a: no special abilities


You were on level 5 of the Dungeon.
You were a tree.
You visited 1 branch of the dungeon, and saw 1 of its levels.

You collected 19 gold pieces.

Inventory:

Hand Weapons
 a - a +0 short sword (weapon)
Armour
 b - a +0 leather armour (melded)
Wands
 g - a wand of digging (3)
 h - a wand of acid (10)
Scrolls
 c - 4 scrolls of fog
 d - a scroll of magic mapping
 e - 2 scrolls of fear
Potions
 f - a potion of haste


   Skills:
 + Level 6.9 Fighting
 + Level 5.1 Short Blades
 + Level 2.2 Long Blades
 + Level 2.2 Axes
 + Level 2.2 Maces & Flails
 + Level 2.2 Polearms
 + Level 2.2 Staves
 + Level 2.2 Slings
 + Level 2.2 Bows
 + Level 2.2 Crossbows
 + Level 2.2 Throwing
 + Level 2.2 Armour
 + Level 5.1 Dodging
 + Level 9.8 Stealth
 + Level 2.2 Shields
 + Level 2.2 Unarmed Combat
 + Level 2.2 Spellcasting
 + Level 1.8 Conjurations
 + Level 1.8 Hexes
 + Level 1.8 Summonings
 + Level 1.8 Necromancy
 + Level 1.8 Translocations
 + Level 1.8 Transmutations
 + Level 1.8 Fire Magic
 + Level 1.8 Ice Magic
 + Level 1.8 Air Magic
 + Level 1.8 Earth Magic
 + Level 1.8 Poison Magic
 + Level 2.5 Invocations
 + Level 2.2 Evocations


You had 10 spell levels left.
You didn't know any spells.
Your spell library was empty.

Dungeon Overview and Level Annotations

Branches:
Dungeon (5/15)
 Temple: D:4-7

Altars:


Innate Abilities, Weirdness & Mutations

You are a tree.
Your roots penetrate the ground, keeping you stationary.
You cannot be teleported.
You are immune to unholy pain and torment.
Your maximum health is greatly increased.
Your equipment is partially melded.
((You have very sharp teeth.))
Your uncanny sense of smell can sniff out nearby items.
Your experience applies equally to all skills.


Message History

You are too injured to fight recklessly!
You are too injured to fight recklessly!
You are too injured to fight recklessly!
You hit the scorpion but do no damage.
The scorpion is severely wounded.
You feel very sick. The scorpion stings you.
You are lethally poisoned!
The scorpion poisons you!
You hit the scorpion.
The scorpion is severely wounded.
* * * LOW HITPOINT WARNING * * *
You feel very sick. The scorpion barely misses you.
You barely miss the scorpion.
You punch the scorpion, but do no damage.
You bite the scorpion, but do no damage.
The scorpion is severely wounded.
* * * LOW HITPOINT WARNING * * *
You feel very sick. The scorpion stings you.
* * * LOW HITPOINT WARNING * * *
You barely miss the scorpion.
The scorpion is severely wounded.
* * * LOW HITPOINT WARNING * * *
You feel very sick. The scorpion closely misses you.
You hit the scorpion.
The scorpion is almost dead.
* * * LOW HITPOINT WARNING * * *
You feel sick. The scorpion misses you.
You barely miss the scorpion.
The scorpion is almost dead.
* * * LOW HITPOINT WARNING * * *
You feel sick. The scorpion barely misses you.
Unknown command.
It was a potion of lignification.
You turn into a tree.
Your +0 leather armour melds into your body.
Your roots penetrate the ground.
You die...

#.# #.#
#.# #.# .
#.# ...
#.# ....#
#.#
#.....#.#
...<..s♣#
.#
.#.#...##
.#
.......
.#
##.#<.. #
.. #.## .
.. ...
###


You could see a scorpion.

Vanquished Creatures
  A water moccasin (D:5)
  2 black bears (D:5)
  A centaur (D:5)
  A phantom (D:5)
  A hound (D:5)
  An ufetubus (D:5)
7 creatures vanquished.

Vanquished Creatures (others)
  11 toadstools (D:5)
11 creatures vanquished.

Grand Total: 18 creatures vanquished

Notes
Turn   | Place    | Note
-------+----------+-------------------------------------------
     0 | D:5      | Reached skill level 9 in Stealth
     0 | D:5      | DocClef the Gnoll Delver began the quest for the Orb.
     0 | D:5      | Reached XP level 1. HP: 23/23 MP: 1/1
     1 | D:5      | Noticed a hound
     8 | D:5      | Killed a hound
     9 | D:5      | Reached XP level 2. HP: 29/29 MP: 1/3
     9 | D:5      | Reached XP level 3. HP: 35/35 MP: 1/4
    65 | D:5      | Noticed a black bear
    84 | D:5      | HP: 1/35 [black bear (2)]
    87 | D:5      | Killed a black bear
    88 | D:5      | Reached skill level 1 in Long Blades
    88 | D:5      | Reached skill level 1 in Axes
    88 | D:5      | Reached skill level 1 in Maces & Flails
    88 | D:5      | Reached skill level 1 in Polearms
    88 | D:5      | Reached skill level 1 in Staves
    88 | D:5      | Reached skill level 1 in Slings
    88 | D:5      | Reached skill level 1 in Bows
    88 | D:5      | Reached skill level 1 in Crossbows
    88 | D:5      | Reached skill level 1 in Throwing
    88 | D:5      | Reached skill level 1 in Armour
    88 | D:5      | Reached skill level 1 in Shields
    88 | D:5      | Reached skill level 1 in Unarmed Combat
    88 | D:5      | Reached skill level 1 in Spellcasting
    88 | D:5      | Reached skill level 1 in Conjurations
    88 | D:5      | Reached skill level 1 in Hexes
    88 | D:5      | Reached skill level 1 in Summonings
    88 | D:5      | Reached skill level 1 in Necromancy
    88 | D:5      | Reached skill level 1 in Translocations
    88 | D:5      | Reached skill level 1 in Transmutations
    88 | D:5      | Reached skill level 1 in Fire Magic
    88 | D:5      | Reached skill level 1 in Ice Magic
    88 | D:5      | Reached skill level 1 in Air Magic
    88 | D:5      | Reached skill level 1 in Earth Magic
    88 | D:5      | Reached skill level 1 in Poison Magic
    88 | D:5      | Reached skill level 1 in Invocations
    88 | D:5      | Reached skill level 1 in Evocations
    88 | D:5      | Reached XP level 4. HP: 1/41 MP: 4/6
    88 | D:5      | Reached XP level 5. HP: 1/47 MP: 4/7
   410 | D:5      | Noticed a centaur
   410 | D:5      | Noticed a water moccasin
   413 | D:5      | Killed a centaur
   415 | D:5      | Killed a water moccasin
   416 | D:5      | Reached skill level 5 in Short Blades
   416 | D:5      | Reached skill level 5 in Dodging
   416 | D:5      | Reached XP level 6. HP: 53/53 MP: 8/8
   468 | D:5      | Noticed a black bear
   488 | D:5      | Killed a black bear
   489 | D:5      | Reached XP level 7. HP: 59/59 MP: 10/10
   561 | D:5      | HP: 2/59 [poisoned by a scorpion]
   563 | D:5      | Succumbed to a scorpion's poison

Illustrated notes

Levels and vault maps discovered:
D:5:      cheibrodos_fertilizer, layout_basic, grunt_qazlal_clouds

Skill      XL: |  1  2  3  4  5  6 |
---------------+-------------------+-----
Stealth        | |  9.8
Long Blades    | 1 2 |  2.2
Axes           | 1 2 |  2.2
Maces & Flails | 1 2 |  2.2
Polearms       | 1 2 |  2.2
Staves         | 1 2 |  2.2
Slings         | 1 2 |  2.2
Bows           | 1 2 |  2.2
Crossbows      | 1 2 |  2.2
Throwing       | 1 2 |  2.2
Armour         | 1 2 |  2.2
Shields        | 1 2 |  2.2
Unarmed Combat | 1 2 |  2.2
Spellcasting   | 1 2 |  2.2
Conjurations   | 1 |  1.8
Hexes          | 1 |  1.8
Summonings     | 1 |  1.8
Necromancy     | 1 |  1.8
Translocations | 1 |  1.8
Transmutations | 1 |  1.8
Fire Magic     | 1 |  1.8
Ice Magic      | 1 |  1.8
Air Magic      | 1 |  1.8
Earth Magic    | 1 |  1.8
Poison Magic   | 1 |  1.8
Invocations    | 1 2 |  2.5
Evocations     | 1 2 |  2.2
Short Blades   | 5 |  5.1
Dodging        | 5 |  5.1
Fighting       | |  6.9

Action                   |  1- 3 |  4- 6 |  7- 9 || total
-------------------------+-------+-------+-------++-------
Melee: Short sword       |    19 |     4 |    19 ||    42
       Bite              |     3 |       |     4 ||     7
       Punch             |       |       |     2 ||     2
  Use: Potion            |       |       |     1 ||     1
 Stab: Sleeping          |     1 |     4 |     1 ||     6
Armor: Leather armour    |     9 |       |     4 ||    13
Dodge: Dodged            |    21 |       |     7 ||    28

Table legend: (Time is in decaauts)
 A = Elapsed time spent in this place.
 B = Non-inter-level travel time spent in this place.
 C = Inter-level travel time spent in this place.
 D = Time resting spent in this place.
 E = Time spent auto-exploring this place.
 F = Levels seen in this place.
 G = Mean time per level.
                   A        B        C        D        E       F      G
               +--------+--------+--------+--------+--------+-----+--------+
         Total |    557 |    557 |      0 |    195 |    274 |   1 |  557.0 |
       Dungeon |    557 |    557 |      0 |    195 |    274 |   1 |  557.0 |
               +--------+--------+--------+--------+--------+-----+--------+

Top non-repeatable levels by time:
     D:5: 557 daAuts
